Map: [ESL] Alcyone

Players

Dolan

  • Race: Terran Terran
  • Spawn Location: 1:00

NightMare - Winner!

  • Race: Protoss Protoss
  • Spawn Location: 7:00

Event: ESL Spring 2024 Finals

VOD

Have the link to the VOD?

Description

Time

  • Played on: May 31, 2024, 7:16 p.m.
  • Length: 16:08

All games in this series

Show
View Real Time Build Order
Export as new Build Order

Dolan Terran 

Build Orders: Cyclone Opening 

Get SALT Encoding   

  12  0:00  SCV  
  13  0:12  SCV  
  14  0:16  Supply Depot  
  14  0:24  SCV  
  15  0:38  SCV  
  15  0:39  Barracks  
  16  0:46  Refinery  
  16  0:50  SCV  
  16  0:54  Refinery  
  17  1:02  SCV  
  18  1:14  SCV  
  19  1:27  Orbital Command, Reaper  
  19  1:31  Supply Depot  
  20  1:44  Factory  
  20  1:52  SCV  
  21  1:59  Barracks Reactor  
  21  2:06  SCV  
  22  2:18  SCV  
  22  2:19  Command Center  
  23  2:28  Cyclone  
  25  2:31  SCV  
  26  2:39  Supply Depot  
  26  2:44  Marine  
  26  2:45  Marine  
  26  2:47  SCV  
  26  2:49  Starport  
  29  2:59  SCV  
  30  3:06  Widow Mine  
  30  3:12  SCV  
  33  3:19  Marine x2  
  35  3:24  SCV  
  35  3:26  Medivac  
  38  3:28  Factory Tech Lab  
  38  3:36  SCV  
  38  3:37  Marine x2  
  41  3:55  Marine x2  
  43  3:59  Siege Tank  
  43  4:00  Viking  
  43  4:01  SCV  
  48  4:03  Orbital Command  
  48  4:05  Supply Depot  
  48  4:14  SCV  
  49  4:20  Marine x2  
  51  4:26  SCV  
  51  4:30  SCV  
  51  4:31  Supply Depot  
  53  4:33  Siege Tank  
  53  4:37  Marine  
  53  4:38  Marine  
  58  4:45  Liberator  
  61  4:48  SCV  
  61  4:50  Supply Depot  
  63  4:52  SCV  
  63  4:55  Marine x2  
  65  5:00  SCV  
  65  5:03  Command Center  
  65  5:04  SCV  
  67  5:09  Siege Tank  
  70  5:27  Marine x2  
  70  5:28  SCV x2  
  74  5:30  Starport Tech Lab  
  74  5:41  SCV x2  
  76  5:46  Barracks  
  76  5:49  Barracks  
  74  5:50  Marine x2  
  74  5:51  Raven, Interference Matrix  
  74  5:56  Engineering Bay, Refinery  
  78  5:57  Refinery  
  78  5:59  Supply Depot, SCV x2  
  80  6:11  SCV x2, Marine x2  
  82  6:15  Barracks  
  82  6:17  Barracks  
  75  6:28  SCV x2  
  59  6:40  SCV x2  
  59  6:41  Siege Tank, Marine  
  59  6:42  Marine  
  65  6:52  SCV x2  
  66  6:54  Marine x2  
  66  6:55  Bunker  
  66  6:59  Marine  
  66  7:00  Orbital Command  
  66  7:01  Starport Reactor  
  70  7:04  SCV x2  
  70  7:06  Marine x2  
  73  7:12  Terran Infantry Weapons Level 1  
  73  7:16  SCV x2  
  73  7:17  Supply Depot  
  73  7:18  Stimpack  
  73  7:22  Marauder  
  77  7:26  Factory Reactor  
  77  7:28  SCV  
  77  7:29  SCV  
  79  7:37  Marauder, Barracks Reactor  
  79  7:40  SCV, Medivac x2  
  79  7:41  SCV x2  
  79  7:43  Barracks Tech Lab, Marauder  
  90  7:44  Supply Depot  
  90  7:47  Combat Shield, Marine x2  
  92  7:53  SCV  
  93  7:58  Marauder  
  93  7:59  SCV x2  
  93  8:04  Marine x2, Marauder  
  93  8:05  SCV  
  102  8:13  Widow Mine x2, Medivac x2  
  102  8:14  SCV  
  102  8:17  SCV  
  102  8:18  Marine x2  
  102  8:19  Marauder  
  118  8:20  Marauder  
  118  8:25  Missile Turret  
  118  8:26  Marauder  
  120  8:27  Missile Turret  
  120  8:29  Missile Turret  
  120  8:30  Orbital Command  
  118  8:36  Missile Turret, Widow Mine x2  
  118  8:37  Marine x2  
  118  8:38  Marine, Missile Turret  
  118  8:39  Concussive Shells  
  125  8:42  Supply Depot x2  
  125  8:45  Marine  
  126  8:51  Marauder x3  
  126  8:53  SCV  
  133  9:04  SCV, Medivac x2  
  133  9:09  Supply Depot, Terran Infantry Armor Level 1  
  138  9:10  Ghost Academy  
  138  9:15  Missile Turret  
  128  9:39  Ghost x2  
  128  9:40  Ghost  
  128  9:41  Marine x4  
  128  9:43  SCV x3  
  128  9:45  Refinery x2  
  141  9:47  Command Center  
  122  10:00  SCV x3  
  125  10:10  Missile Turret  
  125  10:17  SCV x3  
  125  10:18  Viking x2  
  125  10:19  Marine x4, Widow Mine x2  
  125  10:20  Marauder  
  142  10:22  Marauder  
  144  10:29  SCV x3  
  144  10:33  Ghost  
  149  10:39  Armory  
  149  10:40  Engineering Bay  
  149  10:41  SCV x2  
  149  10:42  SCV  
  146  10:59  SCV  
  146  11:00  SCV x3  
  146  11:02  Marine x4  
  146  11:03  Ghost x2  
  158  11:05  Marauder  
  160  11:12  SCV x3, Sensor Tower  
  163  11:28  SCV  
  163  11:29  SCV x2  
  166  11:33  Ghost x2  
  166  11:34  Marauder  
  166  11:38  Terran Infantry Armor Level 2, Terran Infantry Weapons Level 2  
  172  11:41  Supply Depot  
  172  11:42  Supply Depot  
  172  11:44  Marine x4  
  176  11:55  Missile Turret x2  
  176  11:57  Planetary Fortress, Sensor Tower  
  171  12:08  Ghost  
  171  12:09  Marine, Marauder  
  169  12:27  Marine, Marauder  
  169  12:28  Widow Mine x2  
  169  12:29  SCV x3  
  177  12:31  Marauder  
  172  12:37  Ghost  
  172  12:40  Barracks x3  
  172  12:41  SCV  
  175  12:48  Marauder  
  177  12:57  Ghost  
  177  12:58  Marine x4  
  182  13:04  Viking x2  
  187  13:06  Marauder  
  187  13:07  Terran Ship Weapons Level 1  
  187  13:10  Starport, Marauder  
  191  13:16  Marine x3  
  191  13:17  Marine  
  191  13:18  Factory Reactor  
  195  13:22  SCV  
  195  13:25  Refinery, Command Center  
  195  13:26  Supply Depot  
  195  13:27  Refinery  
  196  13:31  SCV  
  196  13:45  SCV x2  
  196  13:48  Viking x2  
  199  13:49  Marauder  
  190  13:57  Ghost x2  
  190  13:58  Marine  
  190  14:01  SCV x4  
  199  14:05  Fusion Core  
  129  14:34  Viking x2  
  129  14:36  Marine x2, Ghost  
  129  14:37  Marine, Marauder x2  
  127  14:39  Marine x4  
  127  14:41  Widow Mine x2  
  127  14:42  Medivac  
  127  14:43  Medivac  
  135  14:49  Caduceus Reactor  
  135  14:54  Marine  
  135  14:57  Ghost  
  135  14:58  Marauder  
  140  15:05  Marauder  
  139  15:08  Orbital Command  
  113  15:19  Marine x2  
  113  15:20  Marauder  
  107  15:21  Marine  
  107  15:22  Barracks Tech Lab, Marine x3  
  107  15:27  Marauder x2  
  103  15:37  Marine x2  
  103  15:41  Marauder  
  107  15:44  Marine x2  
Show
View Real Time Build Order
Export as new Build Order

NightMare Protoss - Winner!

Build Orders: 1 Gate Expand 

Get SALT Encoding   

  12  0:00  Probe  
  13  0:12  Probe  
  14  0:18  Pylon  
  14  0:24  Probe (Chrono Boost)  
  15  0:36  Probe (Chrono Boost)  
  15  0:40  Gateway  
  16  0:45  Probe (Chrono Boost)  
  17  0:52  Probe  
  17  0:53  Assimilator  
  18  1:05  Probe  
  19  1:17  Probe  
  20  1:28  Cybernetics Core  
  20  1:29  Probe  
  21  1:43  Nexus  
  21  1:48  Pylon  
  21  1:52  Probe  
  22  1:57  Assimilator  
  22  2:04  Probe  
  22  2:05  Adept (Chrono Boost)  
  22  2:07  Warp Gate (Chrono Boost)  
  25  2:16  Probe  
  26  2:27  Stalker  
  26  2:29  Probe  
  29  2:37  Robotics Facility  
  29  2:41  Probe  
  30  2:53  Probe  
  30  2:56  Probe  
  30  2:57  Stalker  
  34  2:59  Shield Battery  
  34  3:05  Probe  
  35  3:08  Probe  
  36  3:15  Gateway  
  36  3:17  Probe  
  37  3:20  Probe  
  37  3:26  Immortal (Chrono Boost)  
  38  3:31  Probe  
  43  3:39  Probe  
  43  3:40  Pylon  
  44  3:43  Probe  
  45  3:54  Probe  
  46  3:56  Probe  
  46  3:58  Warp Prism (Chrono Boost)  
  47  4:04  Pylon  
  47  4:08  Twilight Council  
  45  4:10  Pylon, Probe x2  
  47  4:17  Stalker  
  47  4:18  Stalker  
  47  4:23  Probe x2  
  51  4:27  Observer  
  52  4:33  Assimilator  
  52  4:35  Probe  
  52  4:38  Probe  
  54  4:40  Stalker  
  54  4:41  Stalker  
  58  4:48  Probe  
  58  4:49  Assimilator  
  58  4:50  Probe  
  58  4:51  Charge (Chrono Boost)  
  60  4:55  Gateway  
  60  4:56  Gateway  
  60  5:02  Probe  
  60  5:06  Observer, Probe  
  61  5:22  Probe  
  61  5:23  Probe  
  61  5:26  Gateway  
  61  5:28  Gateway  
  63  5:29  Gateway  
  63  5:34  Observer  
  64  5:37  Pylon  
  64  5:41  Templar Archives  
  64  5:49  Zealot  
  66  5:50  Zealot x2  
  66  5:54  Immortal (Chrono Boost)  
  66  5:56  Pylon  
  74  6:03  Zealot  
  74  6:11  Zealot x2  
  74  6:15  Zealot  
  72  6:26  Stalker x4  
  72  6:29  Psionic Storm  
  65  6:40  Zealot x3  
  71  6:54  High Templar  
  71  6:55  High Templar  
  75  7:03  Nexus  
  75  7:07  Probe x2  
  77  7:08  Observer  
  77  7:11  High Templar  
  77  7:13  Warp Prism (Chrono Boost)  
  79  7:22  Pylon  
  81  7:23  Probe  
  81  7:24  Probe  
  81  7:29  Pylon  
  83  7:36  Blink (Chrono Boost), Probe  
  83  7:37  Probe  
  85  7:40  Pylon  
  85  7:44  High Templar  
  87  7:52  Zealot x4  
  87  7:58  Probe, Pylon  
  95  7:59  Probe  
  95  8:04  Observer, High Templar  
  100  8:10  Zealot  
  100  8:11  Probe  
  100  8:12  Probe  
  103  8:20  Zealot x4  
  103  8:23  Zealot  
  113  8:32  Probe x3  
  114  8:38  High Templar  
  114  8:41  High Templar  
  118  8:44  Probe x3  
  121  8:52  Pylon  
  121  8:54  Nexus  
  121  8:56  Pylon  
  121  9:00  Zealot x3  
  127  9:02  High Templar  
  127  9:05  Zealot  
  131  9:10  Pylon  
  131  9:11  Forge  
  131  9:12  Observer  
  131  9:14  Zealot  
  133  9:23  Zealot x4  
  125  9:33  Zealot  
  125  9:34  Probe x2  
  115  9:43  Zealot x6  
  127  9:52  Protoss Ground Weapons Level 1 (Chrono Boost)  
  127  9:58  Robotics Bay  
  125  10:00  Gateway  
  125  10:01  Gateway  
  125  10:04  Shield Battery, Probe x3  
  128  10:07  Zealot  
  128  10:08  Observer (Chrono Boost)  
  128  10:13  Gateway, High Templar  
  133  10:14  High Templar  
  133  10:15  High Templar  
  133  10:16  High Templar  
  133  10:19  Observer (Chrono Boost)  
  140  10:24  Zealot x2  
  144  10:29  Forge, Probe x3  
  144  10:30  Probe  
  144  10:32  Pylon  
  148  10:39  Observer  
  149  10:44  Zealot x2  
  153  10:52  Pylon  
  153  10:53  Zealot x5  
  153  10:56  Protoss Ground Armor Level 1 (Chrono Boost)  
  163  10:58  Zealot x2  
  163  11:03  Shield Battery  
  167  11:04  Extended Thermal Lance, Colossus (Chrono Boost)  
  167  11:05  Shield Battery  
  173  11:12  Zealot x2  
  177  11:24  Nexus  
  177  11:30  Probe x4  
  177  11:32  Robotics Facility, Observer  
  181  11:34  Pylon  
  181  11:39  Protoss Ground Weapons Level 2 (Chrono Boost)  
  181  11:40  Zealot x3  
  181  11:43  Assimilator  
  181  11:44  Assimilator  
  187  11:48  Gateway x2  
  187  11:50  Colossus (Chrono Boost)  
  193  12:08  Zealot x3  
  187  12:27  Zealot  
  187  12:28  Zealot x5  
  191  12:36  Protoss Ground Armor Level 2 (Chrono Boost), High Templar  
  191  12:37  High Templar  
  195  12:39  Nexus, Photon Cannon  
  195  12:40  Shield Battery  
  195  12:42  Pylon  
  195  12:56  Zealot x3  
  197  13:15  Stalker  
  199  13:20  Gateway  
  199  13:22  Gateway  
  199  13:25  Gateway  
  199  13:27  Gateway  
  199  13:29  Gateway  
  199  13:33  Protoss Ground Weapons Level 3 (Chrono Boost)  
  188  13:57  Zealot x2  
  188  13:58  Zealot x10  
  192  14:22  Zealot x11  
  192  14:23  Zealot x2  
  190  14:29  Zealot x4  
  134  14:41  Warp Prism (Chrono Boost)  
  136  14:47  Zealot x13  
  136  14:48  Colossus (Chrono Boost)  
  156  14:55  Stalker x4  
  150  15:20  Zealot x14  
  174  15:32  Zealot x3  
  162  15:39  Observer x2 (Chrono Boost)  
  143  15:58  Zealot x11  
  143  15:59  Zealot x2  
Tags
 
Add a new tag
Caveats
  • Supply blocks, unpowered buildings, or Contaminate may cause inaccurate times.
  • Supply counts are checked every 10 seconds.